Map: Site Delta LE

Players

Cosmic

  • Race: Terran Terran
  • League: Platinum
  • Spawn Location: 5:00

Subwayeatn - Winner!

  • Race: Zerg Zerg
  • League: Platinum
  • Spawn Location: 11:00

VOD

Have the link to the VOD?

Description

Time

  • Played on: Nov. 7, 2023, 11:56 a.m.
  • Length: 14:45
Show
View Real Time Build Order
Export as new Build Order

Cosmic Terran 

Build Orders:  

Get SALT Encoding   

  12  0:01  SCV  
  13  0:13  SCV  
  14  0:21  Supply Depot  
  14  0:25  SCV  
  15  0:43  SCV  
  15  0:44  Barracks  
  15  0:48  Refinery  
  16  0:55  SCV  
  17  1:07  SCV  
  18  1:20  SCV  
  19  1:28  Refinery  
  20  1:32  Supply Depot  
  20  1:36  Reaper  
  20  1:40  Orbital Command  
  20  1:59  Command Center  
  20  2:06  SCV  
  21  2:10  Barracks Reactor  
  21  2:18  SCV  
  21  2:20  Factory  
  22  2:30  SCV  
  23  2:43  SCV  
  24  2:50  Marine x2  
  26  2:55  SCV  
  27  3:05  Factory Tech Lab  
  27  3:07  SCV  
  27  3:08  Marine  
  27  3:10  Barracks  
  27  3:12  Starport  
  29  3:17  Orbital Command  
  29  3:20  Marine  
  29  3:26  Marine  
  31  3:31  SCV  
  32  3:40  Siege Tank  
  35  3:43  SCV x2  
  37  3:50  Starport Reactor  
  37  3:55  SCV  
  38  3:59  Marine x2  
  40  4:12  SCV x2  
  40  4:13  Siege Tank  
  45  4:17  Marine  
  46  4:28  Supply Depot  
  46  4:31  Supply Depot  
  46  4:40  Refinery  
  46  4:42  Barracks Tech Lab  
  46  4:50  Medivac, Marine x2, SCV x2  
  46  4:52  Siege Tank  
  55  5:02  SCV x2  
  57  5:07  Marine  
  58  5:14  SCV x2  
  58  5:15  Barracks  
  58  5:17  Barracks  
  58  5:18  Barracks  
  58  5:19  Barracks, Supply Depot  
  59  5:23  Marine  
  59  5:24  Siege Tank  
  59  5:26  SCV  
  64  5:33  Stimpack  
  64  5:38  SCV  
  64  5:41  Marine  
  66  5:43  Marine x2  
  66  5:46  SCV  
  69  5:54  SCV  
  70  5:59  Marine  
  70  6:01  Siege Tank, Marine x2  
  76  6:09  Medivac  
  78  6:24  Supply Depot  
  78  6:27  Engineering Bay  
  78  6:28  Barracks Reactor x3  
  78  6:40  Supply Depot  
  78  6:45  Siege Tank, Medivac, Marine  
  84  6:50  Refinery  
  84  6:56  Marine x2  
  86  7:01  Supply Depot  
  86  7:02  Marine  
  86  7:03  Marine  
  86  7:05  Supply Depot  
  86  7:06  Supply Depot  
  86  7:08  Marine x6  
  90  7:13  Combat Shield, Marine  
  90  7:14  Marine  
  96  7:17  Siege Tank  
  96  7:19  Marine  
  100  7:43  Marine  
  100  7:44  Marine x2  
  78  7:49  Siege Tank  
  82  7:51  Marine  
  82  7:52  Marine x4  
  82  7:53  Marauder  
  89  7:59  Supply Depot  
  89  8:14  Marauder  
  89  8:17  Marine x2  
  89  8:18  Marine  
  94  8:25  Marine x5  
  94  8:26  Barracks Reactor  
  99  8:32  Supply Depot, Concussive Shells  
  99  8:35  Marine x2  
  99  8:36  Marauder, Marine  
  104  8:42  Marine  
  104  8:43  Marine x4  
  109  8:52  Marine  
  109  8:53  Marine x2  
  112  8:57  Marauder  
  112  9:00  Marine x2  
  112  9:01  Marine x3  
  83  9:13  Marine x3  
  83  9:14  Marine x2  
  86  9:18  Marauder, Marine  
  86  9:19  Marine x4  
  86  9:20  Siege Tank  
  86  9:26  Medivac x2  
  86  9:31  Marine x4  
  88  9:32  Marine  
  88  9:36  Marine  
  94  9:40  Marine x2, Marauder  
  94  9:41  Marine x2  
  100  9:49  Marine x3  
  100  9:52  Siege Tank  
  106  9:56  Medivac x2  
  108  10:24  Siege Tank  
  108  10:26  Medivac  
  113  10:34  Marine x11  
  124  10:36  Medivac  
  126  10:51  Marine  
  126  10:52  Marine x6  
  126  10:56  Siege Tank  
  78  11:39  Marine x2  
  68  11:40  Marine x9  
  73  11:57  Marine x2  
  73  11:58  Marine x9  
  80  12:15  Marine x2  
  77  12:16  Marine x6  
  77  12:17  Marine x3  
  85  13:11  Marine  
  85  13:12  Marine x9  
  65  13:19  Marine  
  48  13:29  Marine  
  46  13:39  Marine  
  39  14:17  Marine x2  
Show
View Real Time Build Order
Export as new Build Order

Subwayeatn Zerg - Winner!

Build Orders: Hatch First 

Get SALT Encoding   

  12  0:00  Drone  
  13  0:13  Overlord  
  13  0:17  Drone  
  14  0:31  Drone x2  
  16  0:49  Hatchery  
  15  0:52  Drone  
  15  0:55  Drone  
  17  0:59  Drone  
  17  1:03  Extractor  
  17  1:15  Spawning Pool  
  16  1:19  Drone  
  16  1:22  Drone  
  18  1:28  Drone  
  19  1:39  Drone  
  20  1:50  Overlord  
  20  2:03  Zergling x4  
  20  2:05  Queen x2  
  26  2:13  Metabolic Boost  
  26  2:20  Drone x2  
  28  2:39  Drone x4  
  32  2:47  Queen  
  34  2:54  Drone x2, Baneling Nest  
  34  2:55  Drone  
  36  3:04  Overlord  
  36  3:10  Overlord  
  36  3:34  Drone x6  
  36  3:35  Drone  
  43  3:43  Queen  
  43  3:45  Drone  
  46  3:48  Hatchery  
  46  3:49  Drone  
  46  3:54  Overlord  
  46  3:58  Overlord  
  46  4:02  Extractor  
  45  4:07  Drone  
  46  4:15  Zergling x2  
  46  4:16  Zergling x12  
  46  4:17  Extractor  
  52  4:18  Queen  
  54  4:27  Drone x2  
  54  4:30  Lair  
  54  4:31  Drone  
  57  4:32  Drone  
  57  4:33  Drone x2  
  60  4:42  Baneling  
  60  4:43  Baneling  
  60  4:45  Overlord  
  60  4:47  Zergling x2  
  60  4:49  Zergling x2  
  60  4:52  Zergling x2  
  63  4:58  Queen  
  65  5:02  Drone x6  
  71  5:09  Drone x2  
  71  5:12  Drone  
  71  5:13  Extractor  
  73  5:31  Spore Crawler  
  73  5:33  Drone x2  
  73  5:34  Overseer, Spine Crawler  
  73  5:38  Drone x2  
  73  5:39  Drone  
  76  5:46  Drone x4, Spine Crawler  
  76  5:47  Spore Crawler  
  76  5:48  Drone  
  76  5:49  Drone x3  
  82  5:55  Overlord  
  82  6:02  Overseer  
  82  6:05  Overlord  
  82  6:06  Overseer  
  82  6:12  Overlord  
  82  6:14  Drone x2  
  82  6:15  Queen  
  86  6:22  Zergling x2  
  86  6:23  Zergling x6  
  90  6:26  Drone  
  90  6:31  Overlord  
  90  6:32  Overlord  
  91  6:34  Overlord  
  91  6:35  Overlord  
  91  6:44  Baneling  
  91  6:45  Baneling x10  
  91  6:46  Zergling x12  
  97  6:48  Drone  
  97  6:50  Queen  
  100  6:54  Drone  
  100  6:55  Hydralisk Den  
  100  6:57  Drone  
  100  7:01  Evolution Chamber  
  100  7:03  Evolution Chamber  
  99  7:09  Zergling x2  
  99  7:10  Zergling x10  
  99  7:15  Zergling x2  
  106  7:18  Baneling x6  
  106  7:19  Zergling x8  
  110  7:24  Grooved Spines  
  103  7:43  Zergling x2  
  84  7:44  Zergling x16  
  84  7:50  Zergling x2  
  93  7:53  Zergling x8  
  93  7:55  Zerg Melee Weapons Level 1  
  93  7:56  Zerg Ground Armor Level 1  
  97  8:00  Zergling x6  
  97  8:01  Zergling x8  
  97  8:03  Baneling  
  97  8:04  Baneling x14  
  104  8:06  Zergling x2  
  105  8:20  Hydralisk x3, Muscular Augments  
  105  8:21  Hydralisk x2  
  115  8:33  Zergling x2  
  115  8:34  Hydralisk x7  
  116  8:37  Overlord x3  
  130  8:41  Overseer  
  130  8:42  Overseer x2  
  120  9:02  Extractor  
  107  9:04  Hatchery  
  107  9:09  Extractor  
  96  9:18  Queen  
  96  9:22  Hydralisk x11  
  118  9:25  Zergling x6  
  121  9:42  Drone x4  
  121  9:43  Drone  
  121  9:45  Extractor  
  125  9:46  Extractor  
  125  9:52  Baneling  
  124  9:53  Baneling x13, Queen  
  124  9:55  Zergling x8  
  130  10:04  Zergling x2  
  130  10:05  Zergling x12  
  137  10:09  Infestation Pit  
  135  10:16  Centrifugal Hooks  
  135  10:19  Zergling x2  
  135  10:20  Zergling x10  
  139  10:21  Baneling  
  139  10:22  Baneling x4  
  136  10:30  Zergling x12  
  136  10:33  Pneumatized Carapace  
  142  10:40  Zergling x4  
  142  10:41  Zergling x8  
  148  10:54  Zergling x2  
  148  10:55  Zergling x8  
  109  11:45  Zergling x2  
  109  11:46  Zergling x24  
  118  11:47  Queen  
  118  11:59  Zergling x2  
  118  12:00  Zergling x10  
  123  12:05  Baneling  
  123  12:06  Baneling x10  
  117  12:20  Zergling x2  
  117  12:21  Zergling x18  
  126  12:23  Queen  
  128  12:39  Overlord x2  
  128  12:41  Zergling x8  
  128  12:42  Zergling x8  
  136  12:45  Spore Crawler  
  136  12:46  Spine Crawler  
  133  12:56  Hydralisk  
  133  12:57  Hydralisk x7  
  119  13:14  Zergling x14  
  117  13:29  Zergling x10  
  117  13:33  Queen  
  115  13:43  Zergling x2  
  115  13:44  Zergling x24  
  125  13:53  Baneling  
  125  13:54  Baneling x6  
  125  13:55  Zergling x4  
  120  13:56  Zergling x4  
  122  14:08  Baneling  
  122  14:09  Baneling x5  
  116  14:10  Baneling  
  116  14:11  Baneling x8  
  116  14:17  Zergling x24  
  113  14:18  Zergling x2  
  125  14:26  Overlord  
Tags
 
Matchup
TvZ
Replay Pack
Multiplayer
Spawn Locations
Cross Positions
Add a new tag
Caveats
  • Supply blocks, unpowered buildings, or Contaminate may cause inaccurate times.
  • Supply counts are checked every 10 seconds.